[Event "International chess holiday M11"]
[Site "?"]
[Date "2018.07.20"]
[Round "9"]
[White "Hadzala, Daniel"]
[Black "Zacek, Petr"]
[Result "1/2-1/2"]
[ECO "A21"]
[WhiteElo "2104"]
[BlackElo "1897"]
[Annotator "Koller,Martin"]
[PlyCount "86"]
[TimeControl "240+2"]

{279MB} 1. Nf3 d6 2. g3 f5 3. Bg2 Nf6 4. c4 g6 5. Nc3 Bg7 6. O-O O-O 7. d3 c6
8. Rb1 e5 9. b4 Na6 10. Qc2 Nc7 11. b5 Bd7 12. bxc6 Bxc6 13. c5 Re8 14. cxd6
Qxd6 15. Qb3+ Qe6 16. Ba3 Bf8 17. Bxf8 Kxf8 18. Rfc1 Qxb3 19. Rxb3 Rab8 20. d4
exd4 21. Nxd4 Bxg2 22. Kxg2 Nfd5 23. Nxd5 Nxd5 24. Rc5 Nb6 25. e3 Re7 26. Ra5
Rd7 27. Rxa7 Nc8 28. Ra5 Nd6 29. Rd5 Ke8 30. Re5+ Kf7 31. Rc5 Ra8 32. a3 Ra4
33. Nf3 Kf6 34. Ne5 Re7 35. f4 Ra6 36. Rd5 Rc7 37. Rd2 Rc1 38. g4 Ra1 39. g5+
Ke6 40. Kf3 Ne4 41. Rdb2 Nd6 42. Rd2 Ne4 43. Rdb2 Nd6 1/2-1/2

[Event "International chess holiday M11"]
[Site "?"]
[Date "2018.07.20"]
[Round "9"]
[White "Mouritsen, Jan"]
[Black "Chudinovskikh, Alexander"]
[Result "0-1"]
[ECO "C55"]
[WhiteElo "1900"]
[BlackElo "2237"]
[Annotator "Koller,Martin"]
[PlyCount "44"]
[TimeControl "240+2"]

{279MB} 1. e4 e5 2. Nf3 Nc6 3. Bc4 Nf6 4. d3 Be7 5. O-O O-O 6. c3 d5 7. exd5
Nxd5 8. Re1 Bg4 9. Nbd2 Nb6 10. h3 Bh5 11. g4 Bg6 12. Nf1 e4 13. N3h2 exd3 14.
Bb3 Na5 15. Be3 Nbc4 16. Bxc4 Nxc4 17. Qb3 Nxe3 18. Nxe3 Bd6 19. Nf3 Be4 20.
Qd1 Qf6 21. Nh2 Bxh2+ 22. Kxh2 Qxf2+ 0-1

[Event "International chess holiday M11"]
[Site "?"]
[Date "2018.07.20"]
[Round "9"]
[White "Vesely, Jaromir"]
[Black "Lys, Josef"]
[Result "1/2-1/2"]
[ECO "A03"]
[WhiteElo "2008"]
[BlackElo "2118"]
[Annotator "Koller,Martin"]
[PlyCount "89"]
[TimeControl "240+2"]

{279MB} 1. d4 Nf6 2. c4 c6 3. Nc3 d5 4. e3 g6 5. f4 Bg7 6. Nf3 Bg4 7. Bd3 O-O
8. O-O a6 9. c5 Nbd7 10. h3 Bxf3 11. Qxf3 e6 12. Bd2 Ne8 13. g4 f6 14. e4 dxe4
15. Qxe4 Nc7 16. f5 e5 17. fxg6 exd4 18. Qxd4 Ne5 19. Bc4+ Kh8 20. Qxd8 Raxd8
21. Bf4 Nxc4 22. Bxc7 Rd7 23. Rf4 Nxb2 24. Bd6 Rfd8 25. Rb1 Nd3 26. Rf3 Ne5 27.
Bxe5 fxe5 28. Rf7 Rxf7 29. gxf7 Rd7 30. Rf1 Bf8 31. Ne4 Kg7 32. Rf5 h6 33. Kg2
Rxf7 34. Rxe5 Rd7 35. h4 Rd3 36. Nd6 Bxd6 37. cxd6 b5 38. Re6 c5 39. d7 a5 40.
Re5 Rxd7 41. Rxc5 Rb7 42. Kf3 a4 43. a3 b4 44. axb4 Rxb4 45. Ra5 1/2-1/2

[Event "International chess holiday K11"]
[Site "?"]
[Date "2018.07.20"]
[Round "9"]
[White "Veselsky, Jan"]
[Black "Basson, Heinrich"]
[Result "1/2-1/2"]
[ECO "D52"]
[WhiteElo "1696"]
[BlackElo "1891"]
[Annotator "Koller,Martin"]
[PlyCount "31"]
[TimeControl "240+2"]

{279MB} 1. d4 d5 2. c4 c6 3. Nf3 Nf6 4. Nc3 e6 5. Bg5 Nbd7 6. e3 Qa5 7. cxd5
exd5 8. Bd3 Ne4 9. Qc2 Nxg5 10. Nxg5 h6 11. Nf3 Bd6 12. O-O O-O 13. Rac1 Nf6
14. Qe2 Re8 15. Bb1 Qd8 16. Qc2 1/2-1/2

[Event "International chess holiday K11"]
[Site "?"]
[Date "2018.07.20"]
[Round "9"]
[White "Pelikan, Jaromir"]
[Black "Repa, Vaclav"]
[Result "0-1"]
[ECO "D02"]
[WhiteElo "1787"]
[BlackElo "1656"]
[Annotator "Koller,Martin"]
[PlyCount "60"]
[TimeControl "240+2"]

{279MB} 1. d4 d5 2. Nf3 Bg4 3. c4 Bxf3 4. exf3 c6 5. Nc3 a6 6. cxd5 cxd5 7. Qb3
Nc6 8. Be3 e6 9. Be2 Na5 10. Qc2 Rc8 11. O-O Bd6 12. Rac1 Ne7 13. Bg5 b5 14.
Qd1 h6 15. Be3 Nf5 16. Bd3 Nxe3 17. fxe3 Nc4 18. Bxc4 dxc4 19. f4 Qa5 20. Qg4
O-O 21. f5 exf5 22. Rxf5 Qd8 23. Rcf1 b4 24. Ne4 c3 25. bxc3 bxc3 26. Nf6+ Kh8
27. Rh5 Rg8 28. Qf5 Qxf6 29. Qd7 Qxf1+ 30. Kxf1 c2 0-1

[Event "International chess holiday K11"]
[Site "?"]
[Date "2018.07.20"]
[Round "9"]
[White "Privoznik, Lubos"]
[Black "Docekalova, Alexandra"]
[Result "0-1"]
[ECO "C02"]
[WhiteElo "1626"]
[BlackElo "1893"]
[Annotator "Koller,Martin"]
[PlyCount "64"]
[TimeControl "240+2"]

{279MB} 1. e4 e6 2. d4 d5 3. e5 c5 4. c3 Nc6 5. Nf3 Qb6 6. Be2 Nge7 7. Bd3 cxd4
8. cxd4 Nb4 9. Nc3 Nxd3+ 10. Qxd3 a6 11. a3 Nc6 12. O-O Na5 13. Nd2 Bd7 14. f4
g6 15. g4 h5 16. f5 gxf5 17. gxf5 Rg8+ 18. Kf2 Rg4 19. fxe6 Bxe6 20. Nf3 Be7
21. Na4 Qb3 22. Nc3 Kd7 23. Rh1 Rag8 24. Rg1 Nc4 25. Rxg4 Rxg4 26. Nd2 Qb6 27.
Nxd5 Bxd5 28. Nxc4 Bxc4 29. Qxc4 Qg6 30. Qd5+ Kc8 31. h3 Qc2+ 32. Kf1 Qd3+ 0-1

[Event "International chess holiday K11"]
[Site "?"]
[Date "2018.07.20"]
[Round "9"]
[White "Schimmer, Michael"]
[Black "Koper, Stefan"]
[Result "1-0"]
[ECO "B06"]
[WhiteElo "1770"]
[BlackElo "1830"]
[Annotator "Koller,Martin"]
[PlyCount "73"]
[TimeControl "240+2"]

{279MB} 1. e4 g6 2. d4 Bg7 3. Nc3 d6 4. f4 e6 5. Nf3 d5 6. Be3 Nd7 7. Qd2 c6 8.
Bd3 Ndf6 9. e5 Ng4 10. Bg1 h5 11. h3 N4h6 12. Bf2 Ne7 13. O-O-O b5 14. Rdg1 Qa5
15. g4 Nhg8 16. f5 exf5 17. gxf5 Nxf5 18. Ng5 Ngh6 19. Qe2 b4 20. Nb1 O-O 21.
Nd2 Re8 22. Nb3 Qxa2 23. Rh2 a5 24. Rhg2 a4 25. Nc5 Qa1+ 26. Kd2 Qxb2 27. Nxf7
Kxf7 28. Rxg6 Qc3+ 29. Kd1 b3 30. Qxh5 Kf8 31. Rxg7 bxc2+ 32. Bxc2 Nxg7 33.
Qxh6 Qf3+ 34. Kc1 Qa3+ 35. Kd2 Ra7 36. Qh8+ Ke7 37. Bh4+ 1-0

[Event "International chess holiday K11"]
[Site "?"]
[Date "2018.07.20"]
[Round "9"]
[White "Pacovsky, Ota"]
[Black "Pokorny, Jan"]
[Result "0-1"]
[ECO "A03"]
[WhiteElo "1743"]
[BlackElo "1879"]
[Annotator "Koller,Martin"]
[PlyCount "123"]
[TimeControl "240+2"]

{279MB} 1. f4 d5 2. e3 g6 3. Nf3 Bg7 4. Ne5 Nd7 5. d4 Ngf6 6. c4 O-O 7. Nc3 c6
8. Bd3 dxc4 9. Bxc4 e6 10. O-O Nd5 11. Qe1 Nxe5 12. fxe5 b5 13. Bb3 a5 14. Ne4
a4 15. Bxd5 Qxd5 16. Qh4 c5 17. Nc3 Qc6 18. Qe4 Qxe4 19. Nxe4 cxd4 20. exd4 Bb7
21. Nd6 Bd5 22. Bd2 f5 23. Bb4 Rfb8 24. Rfc1 Bh6 25. Rd1 Rb6 26. Rd3 Rd8 27.
Kf2 Bc4 28. Rh3 Bf8 29. Ba5 Rbxd6 30. exd6 Rxd6 31. b3 Bd5 32. Rc3 Ra6 33. b4
Bc4 34. a3 Rd6 35. Rd1 e5 36. Re3 Rxd4 37. Rxd4 exd4 38. Re8 Kf7 39. Rd8 d3 40.
Bb6 Bh6 41. Be3 f4 42. Bd2 g5 43. Kf3 Bg7 44. Rd7+ Kg6 45. Rd6+ Kf5 46. g3 g4+
47. Kf2 fxg3+ 48. hxg3 Bb2 49. Rh6 Bd4+ 50. Ke1 Ke4 51. Rxh7 Kf3 52. Bf4 Bc3+
53. Kd1 Bb2 54. Bd6 Bxa3 55. Kd2 Bb2 56. Re7 a3 57. Be5 Bxe5 58. Rxe5 Kxg3 59.
Re1 Kh2 60. Ke3 g3 61. Rd1 a2 62. Rd2+ 0-1

[Event "International chess holiday M21"]
[Site "?"]
[Date "2018.07.22"]
[Round "1"]
[White "Kasparov, Sergey"]
[Black "Dudek, Vojtech"]
[Result "1-0"]
[ECO "D35"]
[WhiteElo "2449"]
[BlackElo "1905"]
[Annotator "Koller,Martin"]
[PlyCount "77"]
[TimeControl "240+2"]

{279MB} 1. Nf3 Nf6 2. c4 e6 3. Nc3 d5 4. cxd5 exd5 5. d4 c6 6. Qc2 h6 7. Bf4
Bd6 8. Bg3 O-O 9. e3 Ne4 10. Nxe4 dxe4 11. Bxd6 Qxd6 12. Qxe4 Qb4+ 13. Nd2 Qxb2
14. Rb1 Qa3 15. Bc4 Nd7 16. O-O Nf6 17. Qc2 Qd6 18. Ne4 Nxe4 19. Qxe4 Rb8 20.
Rfc1 Bd7 21. h3 Rfe8 22. Qf3 Be6 23. Bxe6 Rxe6 24. Qf5 Rg6 25. Qc5 Qxc5 26.
Rxc5 b6 27. Rc3 Rd6 28. Rbc1 Rc8 29. g4 Kf8 30. Kg2 Ke7 31. Kg3 Kd7 32. h4 Rd5
33. h5 Kd6 34. Kf4 c5 35. f3 b5 36. Ra3 Rc7 37. Ra6+ Rc6 38. dxc5+ Rdxc5 39.
Rd1+ 1-0

[Event "International chess holiday M21"]
[Site "?"]
[Date "2018.07.22"]
[Round "1"]
[White "Lokander, Martin"]
[Black "Sedlacek, Tomas"]
[Result "1-0"]
[ECO "D07"]
[WhiteElo "2386"]
[BlackElo "2033"]
[Annotator "Koller,Martin"]
[PlyCount "101"]
[TimeControl "240+2"]

{279MB} 1. Nf3 Nc6 2. d4 d5 3. c4 Bg4 4. cxd5 Bxf3 5. gxf3 Qxd5 6. e3 e6 7. Nc3
Qd7 8. f4 Nge7 9. Bg2 Nf5 10. Qa4 Be7 11. Bd2 O-O 12. Rc1 Rfd8 13. Bxc6 bxc6
14. Ke2 Rab8 15. b3 c5 16. Qxd7 Rxd7 17. dxc5 Bxc5 18. Ne4 Ba3 19. Rc4 Nd6 20.
Ra4 Nxe4 21. Rxe4 Rbd8 22. Bc3 c5 23. Rg1 g6 24. Ba5 Rc8 25. Rc4 Rb8 26. Rd1
Rxd1 27. Kxd1 Rb5 28. Bc3 Bb4 29. Ke2 Kf8 30. Kd3 Ke8 31. a4 Rb7 32. Bxb4 cxb4
33. Rd4 Ke7 34. Kc4 a5 35. Rd2 f6 36. Kc5 Rb8 37. Kc6 Rc8+ 38. Kb6 Ra8 39. h4
h6 40. Kb7 Rg8 41. Kb6 g5 42. hxg5 fxg5 43. Kxa5 gxf4 44. exf4 Rb8 45. Ka6 h5
46. a5 h4 47. Rd3 Rc8 48. Rh3 Kd6 49. Kb7 Rc3 50. Rxh4 Rxb3 51. a6 1-0

[Event "International chess holiday M21"]
[Site "?"]
[Date "2018.07.22"]
[Round "1"]
[White "Morling, Joakim"]
[Black "Hurtak, Otto"]
[Result "0-1"]
[ECO "D34"]
[WhiteElo "2040"]
[BlackElo "1958"]
[Annotator "Koller,Martin"]
[PlyCount "88"]
[TimeControl "240+2"]

{279MB} 1. d4 d5 2. c4 e6 3. Nc3 c5 4. cxd5 exd5 5. Nf3 Nc6 6. g3 Nf6 7. Bg2
Be7 8. O-O O-O 9. h3 h6 10. Be3 c4 11. g4 a6 12. Qc1 Be6 13. Rd1 Qc7 14. Ne5
Bd6 15. f4 Rad8 16. Bf2 Be7 17. Qe3 Rfe8 18. Qf3 b5 19. a3 Ne4 20. Nxe4 dxe4
21. Qxe4 Bd5 22. Qf5 Nxe5 23. Bxd5 Rxd5 24. fxe5 a5 25. e4 Rdd8 26. d5 Bc5 27.
d6 Qa7 28. Rf1 Rd7 29. Kg2 Re6 30. Rad1 b4 31. Rd5 Bxf2 32. Qxf2 Qa8 33. Qb6
bxa3 34. bxa3 a4 35. Kg3 c3 36. Rc1 Qe8 37. Qc6 Rxe5 38. Rxc3 Rxe4 39. Ra5 Re3+
40. Rxe3 Qxe3+ 41. Kh2 Qd2+ 42. Kg3 Rxd6 43. Ra8+ Kh7 44. Qe4+ g6 0-1

[Event "International chess holiday M21"]
[Site "?"]
[Date "2018.07.22"]
[Round "1"]
[White "Vorisek, Jakub"]
[Black "Kures, Michael"]
[Result "1/2-1/2"]
[ECO "B98"]
[WhiteElo "2129"]
[BlackElo "1982"]
[Annotator "Koller,Martin"]
[PlyCount "127"]
[TimeControl "240+2"]

{279MB} 1. e4 c5 2. Nf3 d6 3. d4 cxd4 4. Nxd4 Nf6 5. Nc3 e6 6. Bg5 Be7 7. f4 h6
8. Bh4 a6 9. Qf3 Bd7 10. O-O-O Nc6 11. g4 Nxd4 12. Rxd4 e5 13. fxe5 dxe5 14.
Rd2 Qc8 15. h3 b5 16. Bxf6 Bxf6 17. Kb1 O-O 18. Nd5 Bd8 19. Bd3 a5 20. Rg2 Qb8
21. h4 g6 22. g5 h5 23. Be2 a4 24. Nf6+ Bxf6 25. gxf6 Bg4 26. Qe3 Qd6 27. Rf1
Rfd8 28. Qh6 Qf8 29. Qxf8+ Kxf8 30. Bxg4 hxg4 31. Rxg4 Ra6 32. c3 a3 33. bxa3
Rxa3 34. Kb2 Ra6 35. Rg2 Rdd6 36. Rgf2 Ra4 37. Re1 Raa6 38. h5 gxh5 39. Rh1
Rxf6 40. Rxf6 Rxf6 41. Rxh5 Re6 42. Rh8+ Ke7 43. Rb8 Kf6 44. Rxb5 Kg5 45. a4
Kf4 46. Rb4 Ra6 47. Kc2 Ke3 48. Kb3 Kd3 49. Rb7 f6 50. Rb4 Rc6 51. a5 Rxc3+ 52.
Ka4 Rc8 53. a6 f5 54. exf5 e4 55. Ka5 e3 56. a7 e2 57. Rb1 Re8 58. f6 Ra8 59.
Kb6 Rf8 60. f7 Kd2 61. Kc6 e1=Q 62. Rxe1 Kxe1 63. Kd6 Ra8 64. Ke6 1/2-1/2

[Event "International chess holiday M21"]
[Site "?"]
[Date "2018.07.22"]
[Round "1"]
[White "Philipp, Mathias"]
[Black "Michalek, Frantisek"]
[Result "1-0"]
[ECO "C45"]
[WhiteElo "2073"]
[BlackElo "2023"]
[Annotator "Koller,Martin"]
[PlyCount "133"]
[TimeControl "240+2"]

{279MB} 1. e4 e5 2. Nf3 Nc6 3. d4 exd4 4. Nxd4 Nxd4 5. Qxd4 Ne7 6. Be3 Nc6 7.
Qd2 Bb4 8. c3 Be7 9. Be2 d6 10. Na3 Be6 11. f4 f6 12. O-O-O O-O 13. g4 a6 14.
Kb1 Rb8 15. Nc2 b5 16. f5 Bf7 17. g5 fxg5 18. Rhg1 Bf6 19. Bxg5 Ne5 20. Bxf6
Qxf6 21. Rg3 Bc4 22. Rdg1 Rf7 23. Bxc4 bxc4 24. Ne3 c6 25. Qd4 Rfb7 26. Nxc4
Kf8 27. R1g2 Rd8 28. Ne3 Rdd7 29. Rf2 Rf7 30. Rd2 Rfd7 31. Rdg2 Rf7 32. Qd1 Qh6
33. Qf1 Ra7 34. Nc2 c5 35. Qe2 Qf4 36. Rf2 Qh4 37. Ka1 Ke8 38. Rg1 Kf8 39. Rd1
Rfd7 40. Ne1 Ng4 41. Rf4 h5 42. Qg2 Qe7 43. Qf3 Nf6 44. Ng2 Ke8 45. h3 Kd8 46.
Re1 Kc8 47. Qg3 Rab7 48. Nh4 Qd8 49. Ng6 a5 50. Rf2 a4 51. a3 Rb3 52. Qd3 Qb6
53. Rd2 Rb7 54. Qc2 c4 55. Nf4 Qc5 56. Qc1 Qe5 57. Ng6 Qc5 58. e5 Nd5 59. exd6
Nxc3 60. bxc3 Rxa3+ 61. Ra2 Rbb3 62. d7+ Kxd7 63. Qd2+ Kc8 64. Re8+ Kb7 65.
Qd7+ Qc7 66. Qd5+ Qc6 67. Re7+ 1-0

[Event "International chess holiday K21"]
[Site "?"]
[Date "2018.07.22"]
[Round "1"]
[White "Kasparova, Tatiana"]
[Black "Krnak, Vladimir"]
[Result "1-0"]
[ECO "C62"]
[WhiteElo "2090"]
[BlackElo "1705"]
[Annotator "Koller,Martin"]
[PlyCount "75"]
[TimeControl "240+2"]

{279MB} 1. e4 e5 2. Nf3 Nc6 3. Bb5 Nf6 4. d3 d6 5. h3 Bd7 6. O-O h6 7. c3 Ne7
8. Bc4 b5 9. Bb3 c5 10. Re1 Qc7 11. Nbd2 g5 12. Nh2 Ng6 13. Ndf1 Bg7 14. Ne3
Nf4 15. Nhg4 Nxg4 16. hxg4 O-O 17. g3 Ne6 18. Kg2 Bc6 19. Bd5 Rae8 20. Rh1 Bxd5
21. exd5 Qb7 22. Qf3 Nc7 23. Bd2 Rd8 24. Rh5 Rfe8 25. Rah1 Qa6 26. a3 b4 27. c4
bxa3 28. bxa3 Qxa3 29. Qe4 Qb2 30. Ba5 Rd7 31. Nf5 Qb7 32. Nxh6+ Kf8 33. Nf5 f6
34. Rh8+ Kf7 35. Nxg7 Rxh8 36. Rxh8 Nxd5 37. cxd5 Qb3 38. Ne6 1-0

[Event "International chess holiday K21"]
[Site "?"]
[Date "2018.07.22"]
[Round "1"]
[White "Koper, Stefan"]
[Black "Sniegon, Adam"]
[Result "1/2-1/2"]
[ECO "D31"]
[WhiteElo "1830"]
[BlackElo "1817"]
[Annotator "Koller,Martin"]
[PlyCount "88"]
[TimeControl "240+2"]

{279MB} 1. d4 d5 2. c4 e6 3. cxd5 exd5 4. Nc3 c6 5. Nf3 Bd6 6. Bg5 Qc7 7. e3
Bg4 8. Bd3 Nd7 9. O-O Bxh2+ 10. Kh1 h6 11. Bf4 Bxf4 12. exf4 Qxf4 13. Re1+ Be6
14. Ne2 Qc7 15. Ng3 Ngf6 16. Bf5 O-O 17. Bxe6 fxe6 18. Rxe6 Rae8 19. Rxe8 Rxe8
20. Kg1 Ne4 21. Nxe4 Rxe4 22. b4 Qb6 23. a4 a6 24. Rb1 Nf8 25. b5 axb5 26. axb5
cxb5 27. Qb3 Qc6 28. Qxb5 Ne6 29. Qxb7 Qxb7 30. Rxb7 Nxd4 31. Nxd4 Rxd4 32. Kf1
Re4 33. Rd7 Re5 34. f3 Kh7 35. Rd6 h5 36. Kf2 g6 37. f4 Rf5 38. Kg3 Kg7 39. Kf3
g5 40. g3 g4+ 41. Ke3 Kf7 42. Rh6 Ke7 43. Kd4 Kd7 44. Ke3 Ke7 1/2-1/2

[Event "International chess holiday K21"]
[Site "?"]
[Date "2018.07.22"]
[Round "1"]
[White "Thomasson, Staffan"]
[Black "Kalvach, Ladislav"]
[Result "1-0"]
[ECO "A29"]
[WhiteElo "1868"]
[BlackElo "1805"]
[Annotator "Koller,Martin"]
[PlyCount "107"]
[TimeControl "240+2"]

{279MB} 1. c4 e5 2. g3 Nf6 3. Bg2 d5 4. cxd5 Nxd5 5. Nc3 Be6 6. Nf3 Nc6 7. O-O
Be7 8. d4 exd4 9. Nxd4 Nxd4 10. Qxd4 Nxc3 11. Qxc3 Bf6 12. Qc2 c6 13. Rd1 Qb6
14. Be3 Qb5 15. Bc5 Qc4 16. Qxc4 Bxc4 17. Rd2 Be7 18. Bd4 O-O 19. b3 Bb4 20.
Rc2 Be6 21. Bc5 Bxc5 22. Rxc5 Rfd8 23. Rc2 Rd6 24. Rac1 Rad8 25. Be4 Rd1+ 26.
Rxd1 Rxd1+ 27. Kg2 Kf8 28. e3 f5 29. Bf3 Bd5 30. Bxd5 Rxd5 31. h4 g6 32. Kf3
Kf7 33. Kf4 Kf6 34. e4 Rd4 35. f3 h6 36. Ke3 Rd1 37. exf5 Kxf5 38. Rd2 Rxd2 39.
Kxd2 a5 40. Ke3 Ke5 41. a3 b6 42. Kd3 Kd5 43. Ke3 b5 44. g4 c5 45. f4 h5 46. g5
c4 47. bxc4+ bxc4 48. a4 c3 49. f5 gxf5 50. Kd3 f4 51. Kxc3 Ke4 52. g6 f3 53.
Kd2 Kf4 54. g7 1-0

[Event "International chess holiday K21"]
[Site "?"]
[Date "2018.07.22"]
[Round "1"]
[White "Docekalova, Alexandra"]
[Black "Schoenmakers, Nico"]
[Result "1/2-1/2"]
[ECO "C00"]
[WhiteElo "1893"]
[BlackElo "1782"]
[Annotator "Koller,Martin"]
[PlyCount "118"]
[TimeControl "240+2"]

{279MB} 1. e4 c5 2. f4 d5 3. e5 e6 4. Nf3 Nc6 5. g3 Nge7 6. Bg2 Nf5 7. O-O Be7
8. Nc3 O-O 9. g4 Nfd4 10. Nxd4 Nxd4 11. Ne2 Nxe2+ 12. Qxe2 f6 13. exf6 Bxf6 14.
g5 Be7 15. Bh3 Qd6 16. d3 Bd8 17. Re1 Bc7 18. Bxe6+ Bxe6 19. Qxe6+ Qxe6 20.
Rxe6 Bxf4 21. Bxf4 Rxf4 22. Re5 Rd8 23. Rf1 Rxf1+ 24. Kxf1 Kf7 25. Kg2 Rd6 26.
h4 g6 27. Kf3 b6 28. c3 Rd7 29. b4 Rd6 30. bxc5 bxc5 31. Kf4 Rd7 32. Re2 Rb7
33. Re5 Rd7 34. a4 a6 35. a5 Rd8 36. Ke3 Rd7 37. c4 dxc4 38. dxc4 Rd4 39. Rxc5
Rxh4 40. Rc6 Rg4 41. c5 Rxg5 42. Kd4 h5 43. Rxa6 Rg1 44. Ra7+ Ke6 45. a6 Rg4+
46. Kc3 Kd5 47. Rc7 Ra4 48. a7 h4 49. Kb3 Ra1 50. Kb4 h3 51. Rh7 h2 52. Rxh2
Rxa7 53. Rd2+ Kc6 54. Rd6+ Kc7 55. Rxg6 Rb7+ 56. Kc4 Rb1 57. Rg3 Kc6 58. Rg6+
Kd7 59. Kd5 Rd1+ 1/2-1/2

[Event "International chess holiday K21"]
[Site "?"]
[Date "2018.07.22"]
[Round "1"]
[White "Willockx, Ritsaart"]
[Black "Pacovsky, Ota"]
[Result "1-0"]
[ECO "B13"]
[WhiteElo "1938"]
[BlackElo "1743"]
[Annotator "Koller,Martin"]
[PlyCount "149"]
[TimeControl "240+2"]

{279MB} 1. e4 c6 2. d4 d5 3. exd5 cxd5 4. Bd3 g6 5. Nf3 Bg7 6. O-O Nf6 7. c3
O-O 8. h3 Qc7 9. Be3 b6 10. Nbd2 Ba6 11. Bxa6 Nxa6 12. Ne5 Nd7 13. f4 e6 14.
Ndf3 Rac8 15. Qe1 Nab8 16. Qh4 f6 17. Ng4 h5 18. Ngh2 e5 19. fxe5 fxe5 20. Qg5
Qd6 21. dxe5 Nxe5 22. Nxe5 Qxe5 23. Qxe5 Bxe5 24. Nf3 Bg3 25. Rad1 Rf5 26. Bf2
Bxf2+ 27. Rxf2 Rcf8 28. Rfd2 Rd8 29. c4 Nc6 30. cxd5 Nb4 31. d6 Nxa2 32. Nd4
Rf6 33. Nc6 Rd7 34. Ne5 Rd8 35. Nc6 Rd7 36. Nxa7 Nb4 37. Nc8 b5 38. Nb6 Rd8 39.
Rd4 Nc2 40. R4d3 Nb4 41. R3d2 Nc6 42. Nd5 Re6 43. Nc7 Re5 44. d7 Kf7 45. Rf1+
Ke7 46. Nd5+ Kxd7 47. Nf4+ Kc7 48. Rxd8 Nxd8 49. Nxg6 Re2 50. Rf2 Re1+ 51. Kh2
Re3 52. Nf4 Rb3 53. Nxh5 Ne6 54. Nf6 Nc5 55. h4 Nd3 56. Rc2+ Kd6 57. h5 Ke6 58.
Ne4 Kf5 59. Nc5 Nxc5 60. Rxc5+ Kf6 61. Rc2 Kg5 62. Rc5+ Kh6 63. g4 Rxb2+ 64.
Kh3 Rb1 65. Rc6+ Kh7 66. Kh4 Rd1 67. h6 b4 68. Rb6 Rd4 69. Kh5 Rd5+ 70. g5 Rd4
71. Rb7+ Kh8 72. h7 b3 73. Kh6 Rd8 74. g6 Rg8 75. hxg8=Q+ 1-0

[Event "International chess holiday K22"]
[Site "?"]
[Date "2018.07.22"]
[Round "1"]
[White "Hadzala, Daniel"]
[Black "Ruzicka, Vaclav"]
[Result "1-0"]
[ECO "A22"]
[WhiteElo "2104"]
[BlackElo "1609"]
[Annotator "Koller,Martin"]
[PlyCount "61"]
[TimeControl "240+2"]

{279MB} 1. Nf3 Nf6 2. g3 d6 3. Bg2 e5 4. d3 Be7 5. O-O O-O 6. c4 c6 7. Nc3 h6
8. Rb1 a5 9. a3 Na6 10. b4 axb4 11. axb4 Nc7 12. Qc2 Bd7 13. Rd1 Nh7 14. d4
exd4 15. Nxd4 f5 16. e4 fxe4 17. Nxe4 Nf6 18. Bf4 Nce8 19. b5 d5 20. Nxf6+ Nxf6
21. bxc6 bxc6 22. Rb7 Ne4 23. Bxe4 dxe4 24. Qxe4 Bg4 25. Rxe7 c5 26. Bxh6 Qxe7
27. Qxe7 Rf7 28. Qe4 Bxd1 29. Qxa8+ Kh7 30. Qd5 Rf6 31. Nf5 1-0

[Event "International chess holiday K22"]
[Site "?"]
[Date "2018.07.22"]
[Round "1"]
[White "Sittinger, Lutz"]
[Black "Hager, Eberhard"]
[Result "1/2-1/2"]
[ECO "B07"]
[WhiteElo "1900"]
[BlackElo "1800"]
[Annotator "Koller,Martin"]
[PlyCount "56"]
[TimeControl "240+2"]

{279MB} 1. e4 d6 2. d4 Nf6 3. Bd3 e5 4. dxe5 dxe5 5. Nf3 Bd6 6. O-O O-O 7. Bg5
Bg4 8. h3 Bh5 9. Nc3 c6 10. Qe2 h6 11. Bh4 Qe7 12. a3 Nbd7 13. Rad1 Rad8 14.
Rfe1 Nc5 15. Bc4 Ne6 16. Bxe6 Qxe6 17. Qe3 a6 18. Rd3 Bc7 19. Red1 Rxd3 20.
Rxd3 Rd8 21. Qa7 Rxd3 22. cxd3 Bxf3 23. gxf3 Nh5 24. Qxb7 Qxh3 25. Ne2 Qxf3 26.
Qxc7 Qxe2 27. Qc8+ Kh7 28. Qf5+ Kg8 1/2-1/2

[Event "International chess holiday K22"]
[Site "?"]
[Date "2018.07.22"]
[Round "1"]
[White "Pribyl, Jaroslav"]
[Black "Plesnivy, Martin"]
[Result "1-0"]
[ECO "D00"]
[WhiteElo "1927"]
[BlackElo "1716"]
[Annotator "Koller,Martin"]
[PlyCount "73"]
[TimeControl "240+2"]

{279MB} 1. d4 d5 2. Nc3 Nf6 3. e4 dxe4 4. f3 exf3 5. Nxf3 Bg4 6. h3 Bxf3 7.
Qxf3 c6 8. g4 e6 9. g5 Nd5 10. Bd3 Nxc3 11. bxc3 Bd6 12. O-O Qe7 13. Rb1 g6 14.
Bd2 Rf8 15. c4 Qd7 16. Rfe1 Be7 17. d5 Na6 18. dxc6 bxc6 19. Be4 Rc8 20. Red1
Qd4+ 21. Be3 Qxc4 22. Rd4 Qc5 23. Rd8+ Rxd8 24. Bxc6+ Rd7 25. Bxd7+ Kxd7 26.
Bxc5 Nxc5 27. h4 f6 28. Rd1+ Kc7 29. Qa3 a6 30. Qa5+ Kc8 31. Qb6 fxg5 32. Qc6+
Kb8 33. Rb1+ Ka7 34. Qc7+ Ka8 35. Qxe7 Rc8 36. hxg5 e5 37. Qxe5 1-0

[Event "International chess holiday K22"]
[Site "?"]
[Date "2018.07.22"]
[Round "1"]
[White "Ekberg, Karl"]
[Black "Hammerman, Christian"]
[Result "1-0"]
[ECO "E82"]
[WhiteElo "1838"]
[BlackElo "1813"]
[Annotator "Koller,Martin"]
[PlyCount "89"]
[TimeControl "240+2"]

{279MB} 1. d4 Nf6 2. c4 g6 3. Nc3 Bg7 4. e4 d6 5. f3 O-O 6. Be3 b6 7. Nge2 Nbd7
8. Qd2 c5 9. g3 cxd4 10. Nxd4 Bb7 11. Bh3 a6 12. O-O Qc7 13. b3 Rfe8 14. Rfd1
Ne5 15. Rac1 e6 16. Bg2 Rad8 17. Na4 Nfd7 18. Ne2 Nc5 19. Nxc5 dxc5 20. Qc2 Qe7
21. h3 Qf6 22. f4 Nc6 23. e5 Qe7 24. Nc3 Nb4 25. Qe2 Bxg2 26. Kxg2 f6 27. exf6
Bxf6 28. Ne4 Bg7 29. Kh2 e5 30. Rxd8 Rxd8 31. f5 Rf8 32. Bg5 Qc7 33. f6 Bh8 34.
Rd1 Nc6 35. Rd6 Nd4 36. Qd3 Rf7 37. a3 a5 38. g4 Rd7 39. Rxd7 Qxd7 40. Bh4 h6
41. Nc3 g5 42. Qg6+ Bg7 43. Bf2 Ne6 44. Nd5 e4 45. fxg7 1-0

[Event "International chess holiday K22"]
[Site "?"]
[Date "2018.07.22"]
[Round "1"]
[White "Suchy, Ladislav"]
[Black "Van Den Eede, Gerrit"]
[Result "0-1"]
[ECO "B07"]
[WhiteElo "1832"]
[BlackElo "1826"]
[Annotator "Koller,Martin"]
[PlyCount "46"]
[TimeControl "240+2"]

{279MB} 1. Nc3 Nf6 2. e4 d6 3. d4 g6 4. Be2 Bg7 5. Be3 c6 6. Nf3 Nbd7 7. h3 Qc7
8. Qd2 e5 9. Bh6 O-O 10. Bxg7 Kxg7 11. g4 b5 12. Bd3 Nb6 13. dxe5 dxe5 14. Qg5
Re8 15. Nh4 b4 16. Ne2 c5 17. Ng3 Qc6 18. Nhf5+ Bxf5 19. Nxf5+ Kh8 20. Nh6 Nxe4
21. Qe3 Nf6 22. O-O Nfd5 23. Qf3 f5 neèitelné 0-1

[Event "International chess holiday M21"]
[Site "?"]
[Date "2018.07.22"]
[Round "2"]
[White "Michalek, Frantisek"]
[Black "Lokander, Michalek"]
[Result "1/2-1/2"]
[ECO "B04"]
[WhiteElo "2023"]
[BlackElo "2386"]
[Annotator "Koller,Martin"]
[PlyCount "97"]
[TimeControl "240+2"]

{279MB} 1. e4 Nf6 2. e5 Nd5 3. d4 d6 4. Nf3 dxe5 5. Nxe5 g6 6. Bc4 c6 7. O-O
Bg7 8. Re1 O-O 9. c3 Be6 10. Bb3 Nd7 11. f4 Nxe5 12. fxe5 Qd7 13. Bd2 Nc7 14.
Bxe6 Nxe6 15. Be3 Rad8 16. Na3 c5 17. Nc2 cxd4 18. Bxd4 Qb5 19. Qe2 Qxb2 20.
Rab1 Nxd4 21. cxd4 Qc3 22. Rb3 Qc7 23. Reb1 b6 24. Qe4 f5 25. Qe2 e6 26. Rd1
Rd7 27. Na3 Rfd8 28. Nb5 Qxe5 29. dxe5 Rxd1+ 30. Kf2 R1d2 31. Nxa7 Rxe2+ 32.
Kxe2 Bxe5 33. Nc6 Ra8 34. Nxe5 Rxa2+ 35. Kf3 Ra5 36. Nc4 Rc5 37. Nxb6 g5 38.
Na4 Ra5 39. Nc3 Kf7 40. Rb7+ Kg6 41. Ne2 Ra3+ 42. Kf2 Rd3 43. Re7 Rd6 44. Ke3
h5 45. Nd4 Kf6 46. Rh7 Kg6 47. Re7 Kf6 48. Rh7 Kg6 49. Re7 1/2-1/2